 Dungeon Crawl Stone Soup version 0.28.0 (webtiles) character file.

Game seed: 14045598927703296450

180 jimeh the Chopper (level 5, -1/48 HPs)
             Began as a Minotaur Berserker on Feb 6, 2022.
             Was a Believer of Trog.
             Slain by a gnoll sergeant (8 damage)
             ... on level 3 of the Dungeon.
             The game lasted 00:04:16 (2466 turns).

jimeh the Chopper (Minotaur Berserker)              Turns: 2466, Time: 00:04:17

Health: -1/48      AC: 12    Str: 24    XL:     5   Next: 33%
Magic:  4/4        EV:  7    Int:  4    God:    Trog [**....]
Gold:   100        SH:  0    Dex:  9    Spells: 4/4 levels left

rFire   . . .      SeeInvis .   a - +0 hand axe
rCold   . . .      Faith    .   (no shield)
rNeg    . . .      Spirit   .   h - +0 plate armour
rPois   .          Reflect  .   (helmet restricted)
rElec   .          Harm     .   (no cloak)
rCorr   .          Rampage  .   (no gloves)
Will    ++...                   d - +0 pair of boots
Stlth   ..........              (no amulet)
HPRegen 1.16/turn               (no ring)
MPRegen 0.09/turn               (no ring)

@: strong-willed, on berserk cooldown, regenerating, hasted and slowed
A: horns 2, retaliatory headbutt
a: Renounce Religion, Berserk, Trog's Hand


You were on level 3 of the Dungeon.
You worshipped Trog.
Trog was pleased with you.
You visited 1 branch of the dungeon, and saw 3 of its levels.

You collected 100 gold pieces.

Inventory:

Hand Weapons
 a - a +0 hand axe (weapon)
Missiles
 c - 4 poisoned darts (quivered)
Armour
 b - a +0 animal skin
 d - a +0 pair of boots (worn)
 g - a +0 ring mail
 h - a +0 plate armour (worn)
Wands
 l - a wand of flame (12)
Scrolls
 f - 3 scrolls of identify {unknown}
 j - a scroll of teleportation {unknown}
 k - a scroll of noise {unknown}
 m - a scroll of fear {unknown}
 n - a scroll of enchant armour {unknown}
 p - a scroll of silence {unknown}
Potions
 e - a potion of haste
 i - a potion of brilliance {unknown}
 o - a potion of might {unknown}


   Skills:
 + Level 5.0 Fighting
 + Level 6.1 Axes
 + Level 3.1 Armour
 - Level 2.1 Dodging


You had 4 spell levels left.
You didn't know any spells.
Your spell library was empty.

Dungeon Overview and Level Annotations

Branches:
Dungeon (3/15)

Altars:


Innate Abilities, Weirdness & Mutations

You have a pair of horns on your head.
You reflexively headbutt those who attack you in melee.


Message History

The gnoll sergeant hits you with a +2 trident of freezing!
The gnoll sergeant freezes you.
The gnoll sergeant blocks your attack. x2
The gnoll sergeant is moderately wounded.
The gnoll sergeant hits you with a +2 trident of freezing!
The gnoll sergeant freezes you.
You hit the gnoll sergeant but do no damage.
You headbutt the gnoll sergeant.
The gnoll sergeant is heavily wounded.
You hit the gnoll sergeant.
The gnoll sergeant is heavily wounded.
The gnoll sergeant hits you but does no damage.
You closely miss the gnoll sergeant.
The gnoll sergeant is heavily wounded.
You are no longer berserk.
You are exhausted.
You feel yourself slow down.
The gnoll sergeant hits you with a +2 trident of freezing!
The gnoll sergeant freezes you.
You hit the gnoll sergeant.
The gnoll sergeant is severely wounded.
The gnoll sergeant hits you but does no damage.
The gnoll sergeant blocks your attack.
The gnoll sergeant is severely wounded.
The gnoll sergeant hits you with a +2 trident of freezing.
The gnoll sergeant freezes you.
* * * LOW HITPOINT WARNING * * *
The gnoll sergeant hits you with a +2 trident of freezing.
* * * LOW HITPOINT WARNING * * *
The gnoll sergeant freezes you.
* * * LOW HITPOINT WARNING * * *
It was a potion of haste.
You feel yourself speed up.
The gnoll sergeant hits you with a +2 trident of freezing.
* * * LOW HITPOINT WARNING * * *
The gnoll sergeant freezes you.
* * * LOW HITPOINT WARNING * * *
Your skin crawls.
You feel strong-willed.
The gnoll sergeant hits you with a +2 trident of freezing!
You die...

###............#
........######.#
######### #.#
#.# # #.# .# ###
#.####.#### ..#
#.#........ ..#
#..))...... #.#
###@##.#### ..#
#g# #.# #g# #.#


gg. #.####### ... ......... ..... .......## ..... #.####.# ##...## #.# # You
could see a gnoll sergeant and 3 gnolls.

Vanquished Creatures
  An orc priest (D:3)
  Ijyb (D:3)
  An adder (D:2)
  3 gnolls
  2 worms (D:2)
  4 dart slugs
  6 orcs (D:3)
  4 ball pythons
  5 bats
  2 endoplasms
  3 giant cockroaches (D:2)
  6 goblins
  2 hobgoblins
  9 jackals
  4 quokkas
  2 frilled lizards
  2 kobolds
  3 rats
60 creatures vanquished.

Notes
Turn   | Place    | Note
-------+----------+-------------------------------------------
     0 | D:1      | jimeh the Minotaur Berserker began the quest for the Orb.
     0 | D:1      | Reached XP level 1. HP: 19/19 MP: 0/0
   178 | D:1      | Reached skill level 4 in Axes
   180 | D:1      | Reached XP level 2. HP: 27/27 MP: 1/1
   534 | D:1      | Reached XP level 3. HP: 28/34 MP: 2/2
  1191 | D:2      | Reached skill level 5 in Axes
  1294 | D:2      | Reached ** piety under Trog
  1688 | D:2      | Reached XP level 4. HP: 41/41 MP: 3/3
  2233 | D:3      | Noticed Ijyb
  2244 | D:3      | Killed Ijyb
  2245 | D:3      | Reached XP level 5. HP: 47/47 MP: 4/4
  2290 | D:3      | Reached skill level 5 in Fighting
  2380 | D:3      | Found a faded altar of an unknown god.
  2452 | D:3      | Reached skill level 6 in Axes
  2466 | D:3      | Slain by a gnoll sergeant

Illustrated notes

Levels and vault maps discovered:
D:1:      wander_arrival_lonely_grave, layout_basic, minmay_tetromino_s2
D:2:      layout_basic, glass_columns_b
D:3:      layout_loops_ring, basic_ecumenical_altar, uniq_ijyb

Skill      XL: |  1  2  3  4  5 |
---------------+----------------+-----
Axes           | 4 5 6 |  6.1
Fighting       | 4 5 |  5.0
Armour         | 3 |  3.1
Dodging        | |  2.1

Action                   |  1- 3 |  4- 6 || total
-------------------------+-------+-------++-------
Melee: Hand axe          |    66 |    45 ||   111
       Headbutt          |     8 |     8 ||    16
Throw: Dart              |     1 |       ||     1
Invok: Berserk           |       |     2 ||     2
       Trog's Hand       |       |     1 ||     1
  Use: Potion            |       |     1 ||     1
Armor: Animal skin       |     5 |       ||     5
       Plate armour      |    16 |    30 ||    46
       Ring mail         |     1 |       ||     1
Dodge: Dodged            |    31 |    18 ||    49
